 Dungeon Crawl Stone Soup version 0.18-a0-1721-gc4d1f22 (webtiles) character file.

2979 realXiberia the Covert (level 9, -1/74 HPs)
             Began as a Demonspawn Wanderer on Apr 9, 2016.
             Was a Follower of Okawaru.
             Killed by nerve-wracking pain
             ... invoked by a shadow imp
              (13 damage)
             ... on level 7 of the Dungeon.
             The game lasted 00:17:30 (8140 turns).

realXiberia the Covert (Demonspawn Wanderer)        Turns: 8140, Time: 00:17:31

Health: -1/74      AC: 15    Str: 15    XL:     9   Next: 53%
Magic:  9/9        EV:  4    Int: 15    God:    Okawaru [*.....]
Gold:   417        SH:  0    Dex: 12    Spells: 0 memorised, 8 levels left

rFire  . . .     SeeInvis .     a - +3 dagger
rCold  . . .     Gourm    .     u - +0 plate armour
rNeg   . . .     Faith    .     (no shield)
rPois  +         Spirit   .     s - +2 hat
rElec  .         Dismiss  .     (no cloak)
rCorr  .         Reflect  .     (no gloves)
SustAt +         Harm     .     r - +0 pair of boots
MR     .....                    (no amulet)
Stlth  +.........               y - ring of poison resistance
                                C - ring of sustain attributes

@: not resistant to hostile enchantments, very unstealthy
A: antennae 1, molten scales 1, blurry vision 1, nightstalker 1, spiny 2, wild
magic 1
a: Heroism, Renounce Religion


You were on level 7 of the Dungeon.
You worshipped Okawaru.
Okawaru was aware of your devotion.
You were very hungry.

You visited 2 branches of the dungeon, and saw 9 of its levels.

You collected 417 gold pieces.

Inventory:

Hand Weapons
 a - a +3 dagger (weapon)
 d - a +0 shortbow
 l - a +0 whip
 B - a -2 flail
 L - a +0 dagger of speed
Missiles
 e - 118 arrows
 g - 2 throwing nets (quivered)
 q - 9 arrows of dispersal
 x - 14 poisoned arrows
Armour
 c - a +1 ring mail
 o - a +0 helmet
 r - a +0 pair of boots (worn)
 s - a +2 hat (worn)
 u - a +0 plate armour (worn)
 H - a +3 ring mail
Jewellery
 j - an uncursed ring of protection from magic
 m - an uncursed ring of flight
 y - a ring of poison resistance (right hand)
 C - a ring of sustain attributes (left hand)
Wands
 v - a wand of teleportation (5/9)
 F - a wand of polymorph (14/24)
 I - a wand of lightning (7/15)
Scrolls
 b - 5 scrolls of fear
 h - 3 scrolls of remove curse
 i - a scroll of fog
 n - 8 scrolls of identify
 p - 3 scrolls of enchant armour
 t - a scroll of enchant weapon
 A - 2 scrolls of teleportation
 D - a scroll of magic mapping {unknown}
Potions
 w - a potion of curing
 G - a potion of ambrosia {unknown}
 J - a potion of haste {unknown}
 K - a potion of invisibility
Books
 E - a book of the Tempests

   Spells                             Type                      Level
   a - Static Discharge               Conjuration/Air              3
   b - Lightning Bolt                 Conjuration/Air              5
   c - Fireball                       Conjuration/Fire             5
   d - Tornado                        Air                          9
   e - Shatter                        Earth                        9
Comestibles
 f - 2 bread rations
 k - 3 meat rations
 z - 9 fruits


   Skills:
 - Level 8.0 Fighting
 + Level 5.5 Maces & Flails
 - Level 1.0 Bows
   Level 1.0 Crossbows
 - Level 3.6 Armour
 - Level 9.0 Stealth
   Level 1.0 Shields


You had 8 spell levels left.
You didn't know any spells.

Dungeon Overview and Level Annotations

Branches:
Dungeon (8/15)             Temple (1/1) D:6
   Lair: D:8-11

Altars:
Ashenzari
Cheibriados
Dithmenos
Elyvilon
Fedhas
Gozag
Kikubaaqudgha
Makhleb
Nemelex Xobeh
Okawaru
Pakellas
Qazlal
Ru
Sif Muna
Trog
Xom
Yredelemnul
Zin
The Shining One

Shops:
D:4 *


Innate Abilities, Weirdness & Mutations

You have a pair of small antennae on your head.
You are partially covered in molten scales (AC +1).
You are slightly more attuned to the shadows.
You are mostly covered in sharp spines.
Scrolls take you a little longer to read.
Your spells are a little harder to cast, but a little more powerful.


Message History

You open the door.
The shadow imp is struck by your spines.
The shadow imp hits you.
There is an open door here.
There is a stone staircase leading up here.
The shadow imp gestures at you. Pain shoots through your body!
* * * LOW HITPOINT WARNING * * *
The two-headed ogre is struck by your spines.
The two-headed ogre hits you with a giant spiked club!
* * * LOW HITPOINT WARNING * * *
The two-headed ogre hits you with a giant spiked club.
* * * LOW HITPOINT WARNING * * *
You climb upwards.
There is a stone staircase leading down here.
Drink which item? (? for menu, Esc to quit)
You feel better. The shadow imp gestures at you. Pain shoots through your body!
You die...

##..## #......#
####....####......#
.....##.....##...##
...#.######.###..##
..........).......#
.........####..)..#
...#.###..........###
.###......#..##5....#############
########..##....@.....##.........
###.......####......#.##.........
....#####<## #...................
##...###...###...................
.................................
....................##.#.........
#.....#..###........##.#.........
........###.........##.#.........
#...........#.#.....##.#.........


You could see a shadow imp.

Vanquished Creatures
  A hippogriff (D:7)
  Menkaure (D:4)
  Edmund (D:6)
  An ice beast (D:7)
  A sky beast (D:5)
  A black bear (D:7)
  A phantom (D:8)
  6 ogres
  The ghost of AmuletOfHam the Changer, an amateur OpTm (D:3)
  2 scorpions
  3 killer bees (D:6)
  2 wights (D:6)
  2 crimson imps (D:6)
  A giant frog zombie (D:7)
  2 gnoll shamans (D:4)
  2 jellies
  2 orc priests
  A giant frog skeleton (D:6)
  3 iguanas
  8 orc wizards
  2 worker ants
  2 hound skeletons
  48 gnolls
  6 adders
  2 shadow imps (D:6)
  An adder zombie (D:7)
  2 adder skeletons
  5 worms
  A dart slug (D:1)
  3 giant geckos
  18 orcs
  A ball python (D:4)
  7 giant cockroaches
  5 goblins
  9 hobgoblins
  32 jackals
  A quokka (D:4)
  7 bats
  A giant gecko skeleton (D:4)
  5 giant newts
  A jackal zombie (D:7)
  2 kobolds
  5 rats
  3 rat zombies (D:7)
211 creatures vanquished.

Vanquished Creatures (others)
  A wight (D:6)
1 creature vanquished.

Grand Total: 212 creatures vanquished

Notes
Turn   | Place    | Note
--------------------------------------------------------------
     0 | D:1      | realXiberia the Demonspawn Wanderer began the quest for the Orb.
     0 | D:1      | realXiberia set off with: a +2 dagger, a scroll of fear, a +0 ring mail, a +0 shortbow, 28 arrows, a bread ration
     0 | D:1      | Reached XP level 1. HP: 16/16 MP: 1/1
   214 | D:1      | Gained mutation: You are partially covered in sharp spines. [demonic ancestry]
   214 | D:1      | Reached XP level 2. HP: 17/23 MP: 2/2
   875 | D:2      | Reached skill level 2 in Stealth
  1080 | D:2      | Reached XP level 3. HP: 27/28 MP: 3/3
  1759 | D:1      | Gained mutation: You are partially covered in molten scales (AC +1). [demonic ancestry]
  1759 | D:1      | Reached XP level 4. HP: 18/35 MP: 4/4
  1918 | D:2      | Reached skill level 3 in Stealth
  1955 | D:3      | Found a shimmering altar of Xom.
  2131 | D:3      | Noticed AmuletOfHam's ghost (amateur OpTm)
  2147 | D:3      | Killed AmuletOfHam's ghost
  2147 | D:3      | Reached XP level 5. HP: 18/42 MP: 5/5
  2325 | D:3      | Found a stormy altar of Qazlal.
  2504 | D:3      | Reached skill level 4 in Stealth
  3005 | D:4      | Gained mutation: You are mostly covered in sharp spines. [demonic ancestry]
  3005 | D:4      | Reached XP level 6. HP: 46/49 MP: 6/6
  3276 | D:4      | Found a shadowy altar of Dithmenos.
  3286 | D:4      | Reached skill level 5 in Fighting
  3307 | D:4      | Found a sacrificial altar of Ru.
  3317 | D:4      | Reached skill level 5 in Stealth
  3373 | D:4      | Found Zin's Purification Station.
  3373 | D:4      | Noticed Menkaure
  3396 | D:4      | Gained mutation: You are agile. (Dex +2) [potion of mutation]
  3396 | D:4      | Lost mutation: You are agile. (Dex +2) [potion of mutation]
  3396 | D:4      | Gained mutation: You are frail (-10% HP). [potion of mutation]
  3397 | D:4      | Killed Menkaure
  3397 | D:4      | Reached XP level 7. HP: 5/51 MP: 7/7
  3670 | D:4      | Found a glowing silver altar of Zin.
  4080 | D:4      | Reached skill level 6 in Stealth
  4280 | D:4      | Gained mutation: You have a pair of small antennae on your head. [demonic ancestry]
  4280 | D:4      | Reached XP level 8. HP: 12/58 MP: 8/8
  4708 | D:5      | Entered Level 5 of the Dungeon
  5055 | D:5      | Reached skill level 7 in Stealth
  5344 | D:5      | Gained mutation: Scrolls take you a little longer to read. [potion of mutation]
  5344 | D:5      | Gained mutation: Your spells are a little harder to cast, but a little more powerful. [potion of mutation]
  5344 | D:5      | Lost mutation: You are frail (-10% HP). [potion of mutation]
  5523 | D:6      | Found a staircase to the Ecumenical Temple.
  5553 | Temple   | Entered the Ecumenical Temple
  5991 | D:6      | Reached skill level 8 in Stealth
  6141 | D:6      | Reached skill level 1 in Maces & Flails
  6246 | D:6      | Found an iron altar of Okawaru.
  6328 | D:6      | Became a worshipper of Warmaster Okawaru
  6428 | D:6      | Noticed Edmund
  6444 | D:6      | Killed Edmund
  6444 | D:6      | Gained mutation: You are slightly more attuned to the shadows. [demonic ancestry]
  6444 | D:6      | Reached XP level 9. HP: 71/74 MP: 9/9
  7363 | D:7      | Reached * piety under Okawaru
  7559 | D:7      | Reached skill level 9 in Stealth
  7895 | D:7      | Found an ancient bone altar of Kikubaaqudgha.
  7936 | D:7      | Reached skill level 5 in Maces & Flails
  8138 | D:8      | HP: 2/74 [two-headed ogre/giant spiked club (5)]
  8140 | D:7      | Killed from afar by a shadow imp

Vault maps used:
D:1:      dpeg_arrival_pits, minivault_25
D:2:      minivault_4
D:3:      nicolae_overflow_hidden_temple, grunt_qazlal_sundering
D:4:      lemuel_castle_with_subvaults, zin_purify, grunt_temple_overflow_open,
          first_bread, uniq_menkaure
D:5:      corexii_item_surrounded_by_moat
D:6:      minmay_temple_entry_mist, okawaru_metal_pillars_1_2, uniq_edmund
D:7:      lemuel_zombie_altar_kikubaaqudgha
D:8:      vehumet_crystals, uniq_erolcha, uniq_maurice
Temple:   hc_temple_tempest_star

Skill      XL: |  1  2  3  4  5  6  7  8  9 |
---------------+----------------------------+-----
Stealth        | 2 3 4 5 6 8 9 |  9.0
Fighting       | 3 4 5 6 8 |  8.0
Maces & Flails | 2 5 |  5.5
Bows           | |  1.0
Crossbows      | |  1.0
Armour         | |  3.6
Shields        | |  1.0

Action                   |  1- 3 |  4- 6 |  7- 9 || total
-------------------------+-------+-------+-------++-------
Melee: Dagger            |    82 |   158 |   302 ||   542
 Fire: Shortbow          |       |       |    23 ||    23
Throw: Throwing net      |       |       |     3 ||     3
  Use: Potion            |     1 |     6 |     4 ||    11
       Scroll            |       |       |    10 ||    10
 Stab: Sleeping          |     1 |     3 |     4 ||     8
       Distracted        |       |       |     1 ||     1
  Eat: Chunk             |     3 |     5 |     5 ||    13
       Bread ration      |       |       |     2 ||     2
